Map: Odyssey LE

Players

Creature - Winner!

  • Race: Protoss Protoss
  • League: Grandmaster
  • Spawn Location: 5:00

GamerRoachy

  • Race: Zerg Zerg
  • League: Master
  • Spawn Location: 11:00

VOD

Have the link to the VOD?

Description

Time

  • Played on: Oct. 6, 2017, 7:37 p.m.
  • Length: 8:37
Show
View Real Time Build Order
Export as new Build Order

Creature Protoss - Winner!

Build Orders: 1 Gate Expand, Oracle Opening, Phoenix Opening, Zealot Archon 

Get SALT Encoding   

  12  0:01  Probe (Chrono Boost)  
  13  0:11  Probe (Chrono Boost)  
  14  0:18  Pylon  
  14  0:22  Probe (Chrono Boost)  
  15  0:36  Probe (Chrono Boost)  
  15  0:40  Gateway  
  16  0:47  Probe (Chrono Boost)  
  16  0:48  Assimilator  
  17  0:57  Probe (Chrono Boost)  
  18  1:08  Probe (Chrono Boost)  
  19  1:20  Nexus  
  19  1:24  Probe (Chrono Boost)  
  20  1:35  Cybernetics Core  
  20  1:36  Probe (Chrono Boost)  
  21  1:45  Assimilator  
  21  1:47  Probe (Chrono Boost)  
  21  1:51  Pylon  
  22  1:58  Probe (Chrono Boost)  
  23  2:09  Probe (Chrono Boost)  
  23  2:11  Adept (Chrono Boost)  
  26  2:21  Probe  
  27  2:24  Stargate  
  27  2:31  Probe (Chrono Boost)  
  27  2:33  Probe (Chrono Boost)  
  29  2:37  Warp Gate, Adept (Chrono Boost)  
  29  2:43  Probe (Chrono Boost)  
  32  2:45  Probe (Chrono Boost)  
  33  2:54  Probe (Chrono Boost)  
  33  2:55  Probe (Chrono Boost)  
  35  3:00  Pylon  
  35  3:04  Probe (Chrono Boost), Adept  
  38  3:06  Probe (Chrono Boost)  
  38  3:09  Oracle (Chrono Boost)  
  42  3:13  Probe  
  42  3:17  Probe  
  44  3:24  Probe, Gateway  
  44  3:26  Gateway  
  45  3:31  Probe  
  46  3:34  Probe  
  46  3:38  Pylon  
  47  3:43  Probe  
  47  3:45  Probe, Phoenix (Chrono Boost)  
  51  3:51  Assimilator  
  51  3:53  Assimilator  
  51  3:55  Probe  
  52  3:57  Probe  
  52  3:59  Robotics Facility  
  53  4:07  Probe  
  53  4:08  Twilight Council  
  54  4:12  Probe  
  54  4:16  Forge  
  55  4:19  Probe  
  55  4:22  Probe  
  57  4:29  Gateway  
  57  4:39  Pylon  
  57  4:43  Warp Prism (Chrono Boost)  
  57  4:44  Nexus  
  57  4:49  Templar Archives  
  59  4:53  Charge  
  59  4:54  Protoss Ground Weapons Level 1 (Chrono Boost)  
  59  5:07  Gateway  
  59  5:09  Gateway  
  59  5:12  Gateway  
  59  5:16  Gateway  
  59  5:21  Probe x2  
  59  5:24  Pylon  
  59  5:27  Pylon  
  61  5:33  Probe  
  63  5:35  Probe  
  63  5:45  Probe  
  63  5:47  High Templar x4  
  63  5:48  Probe  
  73  5:50  Archon  
  73  5:51  Archon  
  73  5:57  Probe  
  73  5:58  Pylon  
  73  6:01  Probe  
  73  6:03  Probe  
  76  6:09  Probe  
  77  6:12  Probe, Zealot x4  
  86  6:19  Zealot x4  
  86  6:21  Probe  
  95  6:26  Probe  
  95  6:28  Probe  
  95  6:31  Pylon  
  97  6:34  Probe  
  97  6:36  Zealot x4  
  97  6:37  Probe  
  107  6:40  Probe  
  107  6:46  Probe  
  107  6:47  Probe  
  107  6:50  Zealot x3  
  107  6:51  Warp Prism  
  114  6:59  Probe  
  97  7:12  Zealot x7  
  97  7:13  Probe, Zealot  
  114  7:17  Probe  
  114  7:19  Assimilator  
  114  7:20  Assimilator  
  115  7:36  Zealot x4  
  115  7:37  Zealot  
  117  7:40  Pylon  
  117  7:42  Pylon  
  113  7:58  High Templar x4  
  115  7:59  High Templar  
  115  8:00  Zealot x2, High Templar  
  115  8:02  Archon x2, Nexus  
  115  8:03  Archon  
  109  8:27  Zealot  
  109  8:28  Zealot  
  109  8:30  Pylon  
  109  8:33  Pylon  
  114  8:34  Zealot x3  
  114  8:35  Zealot, Pylon  
Show
View Real Time Build Order
Export as new Build Order

GamerRoachy Zerg 

Build Orders: Hatch First 

Get SALT Encoding   

  12  0:03  Drone  
  13  0:12  Overlord  
  13  0:17  Drone  
  14  0:30  Drone x2  
  14  0:35  Drone  
  17  0:52  Hatchery  
  17  0:55  Drone  
  17  1:01  Drone  
  18  1:10  Extractor  
  17  1:14  Spawning Pool  
  17  1:17  Drone  
  17  1:20  Drone  
  18  1:30  Drone  
  19  1:40  Overlord  
  19  1:50  Drone  
  20  2:01  Queen, Zergling x2  
  20  2:04  Queen  
  20  2:05  Zergling x2  
  26  2:09  Metabolic Boost  
  26  2:12  Drone  
  26  2:15  Drone  
  29  2:22  Drone  
  29  2:26  Drone  
  30  2:38  Hatchery  
  30  2:40  Drone  
  30  2:47  Pneumatized Carapace  
  30  2:51  Overlord  
  30  2:54  Drone  
  30  2:56  Drone  
  32  2:59  Drone  
  32  3:01  Drone  
  34  3:06  Drone  
  34  3:10  Drone x2  
  34  3:11  Drone  
  38  3:13  Drone  
  38  3:16  Drone  
  38  3:17  Drone  
  38  3:19  Drone  
  42  3:21  Drone  
  42  3:26  Overlord  
  43  3:28  Drone  
  44  3:44  Queen x2  
  44  3:45  Spore Crawler  
  44  3:46  Drone x2  
  49  3:49  Spore Crawler  
  49  3:50  Drone x2  
  49  3:51  Evolution Chamber  
  49  3:52  Drone  
  50  3:55  Drone  
  50  3:57  Zergling x4  
  50  3:58  Zergling x2  
  50  4:00  Drone  
  56  4:02  Drone  
  56  4:06  Overlord  
  56  4:09  Drone  
  57  4:15  Drone  
  58  4:18  Zerg Melee Weapons Level 1  
  58  4:24  Queen  
  58  4:25  Spore Crawler  
  58  4:28  Overlord  
  59  4:33  Overlord  
  59  4:39  Overlord, Extractor  
  59  4:40  Overlord  
  59  4:44  Baneling Nest, Drone  
  58  4:45  Overlord  
  58  4:47  Drone, Overlord  
  58  4:48  Drone  
  58  4:49  Drone  
  58  4:51  Drone  
  62  4:54  Drone x3  
  62  4:56  Overlord  
  65  5:00  Zergling x6  
  65  5:03  Drone  
  65  5:04  Drone x2  
  71  5:16  Overlord  
  71  5:17  Drone  
  71  5:18  Drone, Lair  
  74  5:21  Drone x3  
  74  5:22  Drone  
  74  5:24  Drone  
  74  5:25  Drone  
  74  5:27  Drone x2  
  74  5:28  Drone x2  
  83  5:29  Drone, Extractor  
  83  5:30  Drone, Extractor x2  
  83  5:34  Drone x3  
  86  5:35  Drone  
  86  5:39  Drone  
  86  5:40  Extractor  
  86  5:41  Drone  
  87  5:46  Overlord  
  87  5:50  Drone  
  87  5:51  Drone, Hatchery  
  87  5:56  Overlord  
  88  5:58  Zergling x6  
  88  6:04  Zergling x2  
  96  6:10  Zergling x2  
  96  6:11  Zergling x6, Hatchery  
  99  6:20  Zergling x4  
  102  6:29  Centrifical Hooks  
  102  6:30  Zergling x4, Hydralisk Den  
  102  6:31  Baneling x10  
  104  6:35  Baneling  
  104  6:36  Zergling x2  
  104  6:39  Zergling x10  
  107  6:41  Zergling x10  
  107  6:42  Zergling x2  
  107  6:45  Zergling x6  
  94  6:47  Zergling x2  
  94  6:49  Zergling x2  
  94  6:50  Drone  
  94  6:52  Zergling x2  
  86  7:00  Zergling x6  
  86  7:01  Queen  
  75  7:04  Zergling x2  
  69  7:08  Baneling x2  
  69  7:09  Baneling  
  69  7:10  Zergling x2  
  69  7:15  Baneling x4  
  68  7:16  Baneling x3  
  68  7:19  Zergling x2  
  68  7:20  Zergling x4  
  68  7:24  Zergling x6  
  67  7:32  Queen, Zergling x4  
  62  7:37  Zergling x6  
  62  7:38  Zergling x4  
  62  7:41  Zergling x2  
  61  7:44  Zergling x2  
  61  7:48  Zergling x4  
  63  7:52  Zergling x2  
  63  7:56  Hydralisk x2  
  66  8:00  Baneling x3  
  66  8:01  Baneling  
  66  8:04  Hydralisk  
  68  8:06  Hydralisk  
  68  8:11  Baneling x4  
Tags
 
Add a new tag
Caveats
  • Supply blocks, unpowered buildings, or Contaminate may cause inaccurate times.
  • Supply counts are checked every 10 seconds.